 Dungeon Crawl Stone Soup version 0.28.0-45-g0d030f2227 (webtiles) character file.

Game seed: 13514468761496210709

1371 MalarOregon the Magician (level 8, -1/61 (97) HPs)
             Began as a Palentonga Hedge Wizard on Apr 22, 2022.
             Slain by a wight
             ... wielding a +4 long sword
              (6 damage)
             ... on level 5 of the Dungeon.
             The game lasted 00:21:32 (6980 turns).

MalarOregon the Magician (Palentonga Hedge Wizard)  Turns: 6980, Time: 00:21:33

HP:   -1/61 (97)    AC: 24    Str: 13    XL:     8   Next: 38%
MP:   15/15         EV:  1    Int: 17    God:
Gold: 200           SH:  0    Dex: 10    Spells: 6/17 levels left

rFire   . . .      SeeInvis +   (no weapon)
rCold   . . .      Faith    .   (no shield)
rNeg    . . .      Spirit   .   (armour currently unavailable)
rPois   +          Reflect  .   (helmet currently unavailable)
rElec   .          Harm     .   (cloak currently unavailable)
rCorr   .          Rampage  .   (gloves currently unavailable)
Will    .....      NoTele   +   (no barding)
Stlth   +.........              (no amulet)
HPRegen 0.20/turn               l - ring of wizardry
MPRegen 0.14/turn               (no ring)

@: tree-form, very heavily drained
A: stationary, stasis, torment immunity, boosted hp, large, rugged brown scales
3, see invisible, (deformed body), (roll 1), (armoured tail), (reflexive curl)
a: no special abilities


You were on level 5 of the Dungeon.
You were a tree.
You visited 1 branch of the dungeon, and saw 6 of its levels.

You collected 200 gold pieces.


Innate Abilities, Weirdness & Mutations

You are a tree.
Your roots penetrate the ground, keeping you stationary.
You cannot be teleported.
You are immune to unholy pain and torment.
Your maximum health is greatly increased.
Your equipment is partially melded.
(You are completely covered in rugged brown scales. (AC +3, +7% HP))
You have supernaturally acute eyesight. (SInv)
((Armour fits poorly on your strangely shaped body.))
((You can roll at nearby foes to attack.))
((You have a long armoured tail.))
((You curl defensively after being hit. (AC +7*)))


   Skills:
 * Level 4.4 Fighting
 + Level 2.4 Armour
 + Level 3.1 Dodging
 - Level 1.2 Stealth
 * Level 5.2 Spellcasting
 + Level 2.8 Conjurations
 + Level 2.3 Hexes
 - Level 2.0 Summonings
 + Level 3.3 Translocations
 - Level 1.0 Air Magic
 - Level 1.0 Poison Magic


You had 6 spell levels left.
You knew the following spells:

 Your Spells              Type           Power      Damage    Failure   Level
a - Magic Dart            Conj           56%        1d5       1%          1
b - Blink                 Tloc           30%        N/A       2%          2
c - Dazzling Flash        Conj/Hex       26%        N/A       6%          3
f - Mephitic Cloud        Conj/Pois/Air  10%        N/A       9%          3
x - Call Imp              Summ           11%        N/A       4%          2

Your spell library contained the following spells:

 Spells                   Type           Power      Damage    Failure   Level
 Apportation              Tloc           30%        N/A       1%          1
 Slow                     Hex            48%        N/A       2%          1
 Summon Small Mammal      Summ           44%        N/A       2%          1
 Searing Ray              Conj           28%        2d5       2%          2
 Animate Skeleton         Necr           8%         N/A       6%          1
 Conjure Flame            Conj/Fire      9%         6-21      9%          3
 Ozocubu's Armour         Ice            4%         N/A       16%         3
 Iskenderun's Mystic Bla  Conj/Tloc      15%        2d5       16%         4
 Fulminant Prism          Conj/Hex       6%         3d7       19%         4
 Starburst                Conj/Fire      4%         6d4       98%         6
 Ozocubu's Refrigeration  Ice            2%         4d5       100%        7

Inventory:

Hand Weapons
 a - a +1 dagger of electrocution
   (You took it off a goblin on level 1 of the Dungeon)
 b - the +7 dagger of Bread {freeze, rF++}
   (You took it off a goblin on level 2 of the Dungeon)

   It freezes those it strikes, dealing additional cold damage.
   It can also slow down cold-blooded creatures.
   rF:        It greatly protects you from fire.
 s - the +7 long sword of the Whale {vorpal, Int+4 Stlth+}
   (You found it on level 5 of the Dungeon)

   It inflicts extra damage upon your enemies.
   Int:       It affects your intelligence (+4).
   Stlth:     It makes you more stealthy.
Armour
 c - a +0 cloak (melded)
   (You found it on level 4 of the Dungeon)
 h - a +0 leather armour (melded)
   (You found it on level 1 of the Dungeon)
 o - a +0 helmet (melded)
   (You found it on level 3 of the Dungeon)
 p - a +0 pair of gloves (melded)
   (You found it on level 4 of the Dungeon)
Jewellery
 l - a ring of wizardry (left branch)
   (You found it on level 3 of the Dungeon)
Wands
 v - a wand of digging (6)
   (You took it off Ijyb on level 5 of the Dungeon)
Scrolls
 d - a scroll of immolation {!r}
 e - a scroll of holy word {unknown}
 g - a scroll of teleportation {unknown}
 n - a scroll of fog {unknown}
 q - a scroll of amnesia {unknown}
 t - a scroll of magic mapping {unknown}
 y - a scroll of enchant armour {unknown}
Potions
 f - 2 potions of magic
 i - a potion of brilliance {unknown}
 j - a potion of might
 k - 3 potions of lignification {!q}
 m - a potion of flight {unknown}
 r - 2 potions of attraction {!q}
 w - a potion of ambrosia {unknown}
 x - a potion of mutation {unknown}

Dungeon Overview and Level Annotations

Branches:
Dungeon (6/15)
 Temple: D:4-7

Altars:
Cheibriados
Dithmenos
Gozag
Qazlal
Ru

Shops:
D:4

: ...#.# ##.#.# ##.#.#
##.#.# ...#.#
.#.#.#############
.................#
........≈≈≈..###z#
.......≈≈≈≈..# #♣#
.......>≈≈P..###.###########
.........≈.................#
......)......###.#########.#
.............# #.# #.#
.............# #.# #.#
.............# #.# #.#
.............# #.# #.#
.............# #.# #.#


You could see a wight.


Message History

Nothing appears to happen.
Casting: Call Imp (safe; 4% risk of failure)
Confirm with . or Enter, or press ? or * to list all spells.
A beastly little devil appears in a puff of frigid air.
The wight hits your white imp with a +4 long sword!
The wight closely misses your white imp.
Your white imp hits the wight but does no damage.
The wight hits your white imp with a +4 long sword.
Your white imp dies!
Your white imp disappears in a puff of smoke!
Your magical contamination has completely faded away.
There is a stone staircase leading up here.
You climb upwards.
There is a stone staircase leading down here.
You start resting.
You climb downwards.
The wight hits you with a +4 long sword!
You feel drained.
The wight hits you with a +4 long sword!
You feel drained.
There is a stone staircase leading up, spattered with blood here.
You closely miss the wight.
The wight hits you with a +4 long sword.
* * * LOW HITPOINT WARNING * * *
You feel drained.
* * * LOW HITPOINT WARNING * * *
You hit the wight.
You tail-slap the wight, but do no damage.
The wight hits you with a +4 long sword.
* * * LOW HITPOINT WARNING * * *
You feel drained.
* * * LOW HITPOINT WARNING * * *
You hit the wight but do no damage.
The wight hits you with a +4 long sword!
* * * LOW HITPOINT WARNING * * *
There is a stone staircase leading down here.
Casting: Call Imp (safe; 4% risk of failure)
Confirm with . or Enter, or press ? or * to list all spells.
A beastly little devil appears in a puff of flame.
Your crimson imp blinks!
The wight hits you with a +4 long sword.
* * * LOW HITPOINT WARNING * * *
Your crimson imp closely misses the wight.
Your crimson imp closely misses the wight.
Casting: Call Imp (safe; 4% risk of failure)
Confirm with . or Enter, or press ? or * to list all spells.
A beastly little devil appears in a puff of flame.
The wight barely misses you.
Your crimson imp blinks!
Okay, then.
Okay, then.
Unknown command.
Okay, then.
Really quaff
k - 4 potions of lignification {!q}?
Really quaff the potion of lignification?
You turn into a tree.
Your +0 cloak melds into your body.
Your +0 helmet melds into your body.
Your +0 pair of gloves melds into your body.
Your +0 leather armour melds into your body.
Your roots penetrate the ground.
The wight hits you with a +4 long sword.
* * * LOW HITPOINT WARNING * * *
You feel drained.
You hit the wight.
The wight hits you with a +4 long sword!
* * * LOW HITPOINT WARNING * * *
You feel drained.
* * * LOW HITPOINT WARNING * * *
Unknown command.
Unknown command.
Press: ? - help, v - describe, . - travel
Here: a wight, wielding a +4 long sword and wearing a +0 robe (lightly damaged)
The floor.
Sorry, you're not good enough to have a special ability.
Okay, then.
It was a potion of curing.
You feel better.
The wight hits you with a +4 long sword.
* * * LOW HITPOINT WARNING * * *
You feel drained.
You hit the wight but do no damage. The wight hits you but does no damage.
You hit the wight but do no damage. The wight hits you but does no damage.
You closely miss the wight. Your punch misses the wight.
The wight hits you with a +4 long sword.
* * * LOW HITPOINT WARNING * * *
You feel drained.
You completely miss the wight.
The wight hits you with a +4 long sword!
* * * LOW HITPOINT WARNING * * *
You feel better.
The wight hits you with a +4 long sword.
* * * LOW HITPOINT WARNING * * *
You feel drained.
* * * LOW HITPOINT WARNING * * *
Unknown command.
Your +1 dagger of electrocution stops crackling.
You are now empty-handed.
You hit the wight. The wight hits you but does no damage.
You hit the wight but do no damage.
The wight hits you with a +4 long sword.
You die...

Skill      XL: |  1  2  3  4  5  6  7  8 |
---------------+-------------------------+-----
Conjurations   | 1 2 |  2.8
Summonings     | 1 2 |  2.0
Fighting       | 1 2 3 4 |  4.4
Dodging        | 2 3 |  3.1
Armour         | 1 2 |  2.4
Translocations | 2 3 |  3.3
Spellcasting   | 4 5 |  5.2
Hexes          | 1 2 |  2.3
Poison Magic   | 1 |  1.0
Air Magic      | 1 |  1.0
Stealth        | |  1.2

Action                   |  1- 3 |  4- 6 |  7- 9 || total
-------------------------+-------+-------+-------++-------
Melee: Dagger            |    75 |    90 |    22 ||   187
       Tailslap          |     6 |    12 |    14 ||    32
       Punch             |     1 |       |     1 ||     2
       Long sword        |       |       |    80 ||    80
       Unarmed           |       |       |     2 ||     2
Throw: Boomerang         |     2 |       |       ||     2
 Cast: Magic Dart        |    45 |    46 |    21 ||   112
       Call Imp          |       |     4 |    13 ||    17
       Mephitic Cloud    |       |     2 |     2 ||     4
       Dazzling Flash    |       |       |     1 ||     1
 Abil: Rolling Charge    |     6 |    15 |     7 ||    28
  Use: Scroll            |       |     2 |     2 ||     4
       Potion            |       |     1 |     3 ||     4
 Stab: Sleeping          |       |     4 |       ||     4
       Confused          |       |     1 |       ||     1
       Invisible         |       |       |     2 ||     2
Armor: Robe              |     2 |       |       ||     2
       Leather armour    |    11 |    18 |    56 ||    85
       Skin              |       |       |     3 ||     3
Dodge: Dodged            |    39 |    27 |    79 ||   145

Levels and vault maps discovered:
D:1:      dpeg_arrival_caged_fury, layout_rooms, hangedman_glass_teeth,
          chequers_serial_rivers_small_b, minmay_distorted
D:2:      layout_basic, minmay_misc_feat_tiny
D:3:      minmay_inner_zag, layout_basic, mainiacjoe_overflow_paths
D:4:      layout_cave_pods, grunt_dithmenos_smoke, nicolae_shop_self_help
D:5:      layout_basic, grunt_temple_overflow_open, serial_bayou_pond_d,
          uniq_eustachio, uniq_ijyb
D:6:      minmay_recursive_quarters, layout_rooms, nzn_wu_jian_council_hall,
          gammafunk_ghost_arena, minmay_curled_crystal

Notes
Turn   | Place    | Note
-------+----------+-------------------------------------------
     0 | D:1      | MalarOregon the Palentonga Hedge Wizard began the quest for
                  | the Orb.
     0 | D:1      | Reached XP level 1. HP: 13/13 MP: 4/4
     2 | D:1      | Found a runed translucent door.
   157 | D:1      | Reached skill level 1 in Conjurations
   339 | D:1      | Reached XP level 2. HP: 21/21 MP: 0/6
   700 | D:1      | Reached skill level 1 in Summonings
   840 | D:1      | Reached skill level 1 in Fighting
   850 | D:1      | Reached XP level 3. HP: 26/27 MP: 7/7
  1320 | D:2      | Reached XP level 4. HP: 34/34 MP: 5/9
  1461 | D:2      | Identified the +7 dagger of Bread {freeze, rF++}
  1521 | D:2      | Reached skill level 2 in Dodging
  1864 | D:2      | Reached skill level 1 in Armour
  2090 | D:3      | You pick up a book of Conjurations and begin reading...
  2090 | D:3      | You add the spells Searing Ray and Fulminant Prism to your
                  | library.
  2098 | D:3      | You pick up a book of Spectacle and begin reading...
  2098 | D:3      | You add the spells Dazzling Flash, Iskenderun's Mystic
                  | Blast and Starburst to your library.
  2276 | D:3      | Found a stormy altar of Qazlal.
  2296 | D:3      | You pick up a book of Cantrips and begin reading...
  2296 | D:3      | You add the spells Animate Skeleton, Summon Small Mammal
                  | and Apportation to your library.
  2461 | D:3      | Reached XP level 5. HP: 40/40 MP: 10/10
  2866 | D:3      | Reached skill level 2 in Fighting
  2943 | D:3      | Learned a level 2 spell: Blink
  2946 | D:3      | Learned a level 2 spell: Call Imp
  2950 | D:3      | Learned a level 3 spell: Dazzling Flash
  2954 | D:3      | Learned a level 3 spell: Mephitic Cloud
  2995 | D:4      | Identified the +1 robe "Xirghoe" {Harm +Blink Will+}
  3021 | D:4      | Found a shadowy altar of Dithmenos.
  3063 | D:4      | You add the spells Ozocubu's Armour and Ozocubu's
                  | Refrigeration to your library.
  3360 | D:4      | Reached skill level 2 in Translocations
  3360 | D:4      | Reached XP level 6. HP: 47/48 MP: 5/11
  3409 | D:4      | Reached skill level 4 in Spellcasting
  3696 | D:5      | Entered Level 5 of the Dungeon
  3697 | D:5      | HP: 7/49 [gnoll/+0 club (6)]
  3705 | D:5      | HP: 7/49 [gnoll/+0 club (1)]
  3706 | D:5      | HP: 2/49 [gnoll/+0 club (5)]
  4024 | D:5      | Reached skill level 2 in Conjurations
  4024 | D:5      | Reached skill level 1 in Hexes
  4024 | D:5      | Reached skill level 1 in Poison Magic
  4310 | D:4      | Found Iseheecerph's Self-Improvement Boutique.
  4648 | D:5      | Reached skill level 3 in Fighting
  4648 | D:5      | Reached skill level 1 in Air Magic
  4648 | D:5      | Gained mutation: You curl defensively after being hit. (AC
                  | +7*) [Palentonga growth]
  4648 | D:5      | Reached XP level 7. HP: 44/55 MP: 9/13
  4839 | D:5      | Identified the +7 long sword of the Whale {vorpal, Int+4
                  | Stlth+}
  4886 | D:5      | Reached skill level 2 in Summonings
  5047 | D:5      | Noticed Ijyb
  5051 | D:5      | Found a snail-covered altar of Cheibriados.
  5056 | D:5      | Killed Ijyb
  5181 | D:5      | Found an opulent altar of Gozag.
  5181 | D:5      | Found a sacrificial altar of Ru.
  5199 | D:5      | Reached skill level 2 in Armour
  5481 | D:5      | Reached skill level 3 in Translocations
  5788 | D:5      | Noticed Eustachio
  5795 | D:5      | Killed Eustachio
  5796 | D:5      | Reached skill level 4 in Fighting
  5796 | D:5      | Reached skill level 5 in Spellcasting
  5796 | D:5      | Reached skill level 2 in Hexes
  5796 | D:5      | Reached XP level 8. HP: 64/64 MP: 12/15
  5964 | D:6      | Reached skill level 3 in Dodging
  6232 | D:5      | HP: 4/61 [wight/+0 dire flail (12)]
  6589 | D:5      | HP: 13/57 [wight/+4 long sword (9)]
  6630 | D:5      | HP: 13/57 [wight/+4 long sword (7)]
  6869 | D:5      | HP: 5/49 [wight/+4 long sword (16)]
  6910 | D:5      | HP: 8/49 [wight/+4 long sword (3)]
  6971 | D:5      | HP: 10/70 [wight/+4 long sword (12)]
  6976 | D:5      | HP: 3/64 [wight/+4 long sword (9)]
  6980 | D:5      | Slain by a wight

Vanquished Creatures
  Eustachio (D:5)
  A necrophage (D:5)
  2 ogres (D:5)
  A centaur (D:6)
  A phantom (D:5)
  2 scorpions
  A water moccasin skeleton (D:5)
  A wight (D:5)
  A gnoll shaman (D:4)
  2 hounds (D:5)
  4 orc priests
  An iguana (D:4)
  2 jellies
  A centaur skeleton (D:5)
  Ijyb (D:5)
  An orc wizard (D:6)
  A hound skeleton (D:5)
  A howler monkey zombie (D:5)
  3 gnolls
  6 adders
  A shadow imp (D:5)
  An ufetubus (D:6)
  3 worms
  2 dart slugs (D:2)
  9 orcs
  5 ball pythons
  11 endoplasms
  4 giant cockroaches (D:1)
  10 goblins
  7 hobgoblins
  6 jackals (D:1)
  5 kobolds
  2 quokkas (D:3)
  5 bats
  2 frilled lizards
  A quokka skeleton (D:4)
  7 rats
115 creatures vanquished.

Table legend:
 A = Non-vault XP
 B = Vault XP
 C = Vault XP percentage of total XP
 D = Non-vault monster count
 E = Vault monster count
 F = Vault count percentage of total count
                 A         B        C        D         E       F
            +---------+---------+-------+---------+---------+-------
      Total |    1643 |     316 |  16.1 |      88 |      27 |  23.5
            +---------+---------+-------+---------+---------+-------
        D:1 |      26 |      38 |  59.4 |      14 |      20 |  58.8
        D:2 |     111 |       0 |   0.0 |      26 |       0 |   0.0
        D:3 |      22 |       5 |  18.5 |       7 |       2 |  22.2
        D:4 |     261 |       0 |   0.0 |      12 |       0 |   0.0
        D:5 |     983 |     251 |  20.3 |      24 |       3 |  11.1
        D:6 |     240 |      22 |   8.4 |       5 |       2 |  28.6
            +---------+---------+-------+---------+---------+-------

Illustrated notes

Table legend:
 A = Kills in this place as a percentage of kills in entire the game.
 B = Kills by you in this place as a percentage of kills by you in the entire game.
 C = Kills by friends in this place as a percentage of kills by friends in the entire game.
 D = Other kills in this place as a percentage of other kills in the entire game.
 E = Experience gained in this place as a percentage of experience gained in the entire game.
 F = Experience gained in this place divided by the number of levels of this place that you have seen.
                   A       B       C       D       E      F
               +-------+-------+-------+-------+-------+----------------------
         Total | 100.0 | 100.0 |   N/A | 100.0 | 100.0 | 326.5
       Dungeon | 100.0 | 100.0 |   N/A | 100.0 | 100.0 | 326.5
               +-------+-------+-------+-------+-------+----------------------

Table legend: (Time is in decaauts)
 A = Elapsed time spent in this place.
 B = Non-inter-level travel time spent in this place.
 C = Inter-level travel time spent in this place.
 D = Time resting spent in this place.
 E = Time spent auto-exploring this place.
 F = Levels seen in this place.
 G = Mean time per level.
                   A        B        C        D        E       F      G
               +--------+--------+--------+--------+--------+-----+--------+
         Total |   7017 |   6780 |    237 |   1010 |   4527 |   6 | 1169.5 |
       Dungeon |   7017 |   6780 |    237 |   1010 |   4527 |   6 | 1169.5 |
               +--------+--------+--------+--------+--------+-----+--------+

Top non-repeatable levels by time:
     D:5: 2182 daAuts
     D:4: 1565 daAuts
     D:2: 1144 daAuts
     D:1: 980 daAuts
     D:3: 832 daAuts
     D:6: 310 daAuts
